 Dungeon Crawl Stone Soup version 0.18.1-48-g4cf74bf (webtiles) character file.

774 Alarkh the Sneak (level 7, -14/46 HPs)
             Began as a Vampire Enchanter on July 19, 2016.
             Demolished by Duvessa
             ... wielding a +4 rapier of holy wrath
              (15 damage)
             ... on level 4 of the Dungeon.
             The game lasted 00:06:44 (3460 turns).

Alarkh the Sneak (Vampire Enchanter)                Turns: 3460, Time: 00:06:45

Health: -14/46     AC:  6    Str:  9    XL:     7   Next: 53%
Magic:  2/12       EV: 12    Int: 17    God:
Gold:   169        SH:  0    Dex: 15    Spells: 2 memorised, 8 levels left

rFire  + . .     SeeInvis +     a - +2 dagger
rCold  . . .     Gourm    .     b - +1 robe
rNeg   + . .     Faith    .     (no shield)
rPois  .         Spirit   .     (no helmet)
rElec  .         Dismiss  .     o - +0 cloak
rCorr  .         Reflect  .     m - +1 pair of gloves
SustAt .         Harm     .     (no boots)
MR     .....     Rnd*Tele +     (no amulet)
Stlth  ++++......               i - ring of teleportation (curse)
                                j - ring of protection from fire

@: lethally poisoned (-14 -> -17), not resistant to hostile enchantments,
stealthy
A: fangs 3, see invisible, unbreathing
a: Bat Form


You were on level 4 of the Dungeon.
You were not thirsty.

You visited 1 branch of the dungeon, and saw 4 of its levels.

You collected 169 gold pieces.

Inventory:

Hand Weapons
 a - a +2 dagger (weapon)
 p - a +0 falchion
 t - a +0 long sword
Missiles
 g - 2 throwing nets (quivered)
Armour
 b - a +1 robe (worn)
 k - a +0 buckler
 m - a +1 pair of gloves (worn)
 o - a +0 cloak (worn)
Jewellery
 i - a cursed ring of teleportation (right hand)
 j - a ring of protection from fire (left hand)
Scrolls
 e - a scroll of blinking
 s - a scroll of fear {unknown}
 u - a scroll of identify
Potions
 d - 5 potions of blood
 f - 2 potions of curing
 h - a potion of flight
 l - a potion of haste
 n - a potion of lignification {unknown}
 q - a potion of heal wounds {unknown}
 r - a potion of invisibility {unknown}
Books
 c - a book of Maledictions

   Spells                             Type                      Level
   a - Corona                         Hexes                        1
   b - Ensorcelled Hibernation        Hexes/Ice                    2
   c - Confuse                        Hexes                        3
   d - Tukima's Dance                 Hexes                        3
   e - Dazzling Spray                 Conjuration/Hexes            3


   Skills:
 * Level 6.0 Short Blades
 - Level 2.1 Dodging
 + Level 7.2 Stealth
 + Level 3.8 Spellcasting
 + Level 6.9 Hexes


You had 8 spell levels left.
You knew the following spells:

 Your Spells              Type           Power        Failure   Level  Hunger
a - Ensorcelled Hibernat  Hex/Ice        ###...       10%         2    ##.....
c - Confuse               Hex            ####....     3%          3    ###....


Dungeon Overview and Level Annotations

Branches:
Dungeon (4/15)
 Temple: D:4-7

Altars:

Annotations:
D:4 Duvessa


Innate Abilities, Weirdness & Mutations

You have razor-sharp teeth.
You have supernaturally acute eyesight.
You can survive without breathing.


Message History

Casting: Ensorcelled Hibernation
Confirm with . or Enter, or press ? or * to list all spells.
Aiming: Ensorcelled Hibernation
Press: ? - help, Shift-Dir - straight line, f/p - scorpion
Aim: a scorpion (lightly wounded, chance to defeat MR: 45%)
The scorpion looks drowsy...
You feel sick.
The helpless scorpion fails to defend itself.
You perforate the scorpion like a sieve!!!
You kill the scorpion!
Your Short Blades skill increases to level 6!
You feel sick.
You feel sick.
You feel sick.
You feel sick.
Duvessa goes berserk!
You hit Duvessa.
Duvessa is lightly wounded.
Duvessa hits you with a rapier of holy wrath!!
* * * LOW HITPOINT WARNING * * *
You convulse!
You die...

#### #†..## #.#
###.## .... ###.†####
##.# ##...# .#
##s††.#####..###..###
. #
####.##.........##
..## ###
##s###..###### l%...
.....##.###..## #####
#....S#....# # #####
(...####s#e##....#
..(..
.........@...###...
##### ##.####.....#
## #.........
!.....#### ..#..###
....... ..#####.# ##.
..


You could see Duvessa (berserk), 2 scorpions and an adder.

Vanquished Creatures
  The ghost of junkhipster the Covered, an amateur GrFi (D:3)
  A phantom (D:4)
  Dowan (D:4)
  5 scorpions (D:4)
  A hound (D:4)
  An orc priest (D:4)
  An iguana (D:4)
  An orc wizard (D:3)
  A worker ant (D:4)
  5 adders
  3 gnolls (D:2)
  2 worms
  3 dart slugs
  2 giant geckos
  14 orcs
  8 bats
  A giant cockroach (D:2)
  4 hobgoblins
  6 kobolds
  A quokka (D:2)
  A giant gecko skeleton (D:4)
  2 giant newts
  A goblin (D:2)
  5 rats
71 creatures vanquished.

Vanquished Creatures (others)
  A fungus (D:4)
1 creature vanquished.

Grand Total: 72 creatures vanquished

Notes
Turn   | Place    | Note
--------------------------------------------------------------
     0 | D:1      | Alarkh the Vampire Enchanter began the quest for the Orb.
     0 | D:1      | Reached XP level 1. HP: 13/13 MP: 3/3
   462 | D:1      | Reached XP level 2. HP: 5/19 MP: 3/5
   466 | D:1      | Learned a level 2 spell: Ensorcelled Hibernation
  1058 | D:2      | Reached XP level 3. HP: 24/24 MP: 4/6
  1061 | D:2      | Reached skill level 5 in Hexes
  1157 | D:2      | Reached skill level 5 in Stealth
  1723 | D:3      | Noticed junkhipster's ghost (amateur GrFi)
  1731 | D:2      | Learned a level 3 spell: Confuse
  1777 | D:3      | Reached XP level 4. HP: 30/30 MP: 2/7
  1872 | D:3      | Killed junkhipster's ghost
  1872 | D:3      | Reached XP level 5. HP: 8/35 MP: 0/9
  2440 | D:3      | Reached skill level 6 in Stealth
  2540 | D:4      | Noticed a phantom
  2543 | D:4      | Noticed Duvessa
  2544 | D:4      | Reached XP level 6. HP: 33/41 MP: 10/10
  2620 | D:4      | Noticed Dowan
  2993 | D:4      | Reached skill level 5 in Short Blades
  3027 | D:4      | Reached XP level 7. HP: 46/46 MP: 0/12
  3157 | D:4      | Killed Dowan
  3157 | D:4      | Reached skill level 7 in Stealth
  3460 | D:4      | HP: 1/46 [Duvessa/rapier of holy wrath (22)]
  3460 | D:4      | Demolished by Duvessa

Skill      XL: |  1  2  3  4  5  6  7 |
---------------+----------------------+-----
Short Blades   | 2 3 4 5 6 |  6.0
Hexes          | 5 6 |  6.9
Stealth        | 5 6 7 |  7.2
Spellcasting   | 3 |  3.8
Dodging        | |  2.1

Action                   |  1- 3 |  4- 6 |  7- 9 || total
-------------------------+-------+-------+-------++-------
Melee: Dagger            |    86 |    97 |    43 ||   226
       Bite              |     6 |     5 |     1 ||    12
 Cast: Corona            |     3 |       |       ||     3
       Ensorcelled Hiber |    17 |    36 |    14 ||    67
       Confuse           |       |     4 |       ||     4
  Use: Scroll            |     6 |     4 |       ||    10
       Potion            |       |    11 |       ||    11
 Stab: Sleeping          |    19 |    21 |     9 ||    49
       Confused          |       |     7 |       ||     7
Armor: Robe              |    16 |    21 |    16 ||    53
Dodge: Dodged            |    54 |    37 |    24 ||   115
